UAA
CHESAPEAKE CONTINENTALS @ GURDON PELICANS
08/18/2018
 
TOP OF THE 1ST
Chesapeake Continentals batting - Pitching for Gurdon Pelicans : LHP Francisco Mora
Pitching: LHP Francisco Mora
Batting: RHB Cliff May 0-0: Swinging Strike
0-1: Called Strike
0-2: Ball
1-2: Strikes out swinging
Batting: RHB Roy Williams 0-0: Swinging Strike
0-1: Foul Ball, location: 2F
0-2: Strikes out looking
Batting: RHB Danny Spencer 0-0: Ball
1-0: Ground out 1-3 (Groundball, 15)
Top of the 1st over - 0 run(s), 0 hit(s), 0 error(s), 0 left on base; Chesapeake 0 - Gurdon 0
BOTTOM OF THE 1ST
Gurdon Pelicans batting - Pitching for Chesapeake Continentals : RHP Joseph Reed
Pitching: RHP Joseph Reed
Batting: RHB Alex Maxwell 0-0: Ball
1-0: Ball
2-0: Called Strike
2-1: Swinging Strike
2-2: Foul Ball, location: 2F
2-2: Strikes out swinging
Batting: RHB Randy Gregory 0-0: Swinging Strike
0-1: Ball
1-1: Ground out 1-3 (Groundball, 13)
Batting: RHB Chip Teague 0-0: Called Strike
0-1: Called Strike
0-2: Foul Ball, location: 2F
0-2: Ball
1-2: Ball
2-2: SINGLE (Line Drive, 89S)
Batting: RHB Brian Lynch 0-0: Called Strike
0-1: Ball
1-1: Foul Ball, location: 2F
1-2: Ground out 2-3 (Groundball, 25)
Bottom of the 1st over - 0 run(s), 1 hit(s), 0 error(s), 1 left on base; Chesapeake 0 - Gurdon 0
TOP OF THE 2ND
Chesapeake Continentals batting - Pitching for Gurdon Pelicans : LHP Francisco Mora
Batting: RHB Steve Hinkle 0-0: Ball
1-0: Called Strike
1-1: Fly out, F7 (Flyball, 7M)
Batting: RHB Roger Lakes 0-0: Ball
1-0: Foul Ball, location: 2F
1-1: Ball
2-1: Ball
3-1: Foul Ball, location: 2F
3-2: Base on Balls
Batting: RHB Ken Miller 0-0: Foul Ball, location: 2F
0-1: Ball
1-1: Swinging Strike
1-2: Ball
2-2: Foul Ball, location: 2F
2-2: Strikes out swinging
Batting: SHB Dominique Prost 0-0: Called Strike
0-1: Ball
1-1: Ball
2-1: Ball
3-1: Swinging Strike
3-2: Foul Ball, location: 2F
3-2: Strikes out swinging
Top of the 2nd over - 0 run(s), 0 hit(s), 0 error(s), 1 left on base; Chesapeake 0 - Gurdon 0
BOTTOM OF THE 2ND
Gurdon Pelicans batting - Pitching for Chesapeake Continentals : RHP Joseph Reed
Batting: RHB Daniel Drake 0-0: Ball
1-0: Ball
2-0: Fly out, F7 (Flyball, 78D)
Batting: RHB Doug Rowland 0-0: Ball
1-0: Ball
2-0: Called Strike
2-1: Ball
3-1: Called Strike
3-2: Ground out 1-3 (Groundball, 13)
Batting: RHB Jim Unknown 0-0: Called Strike
0-1: SINGLE (Groundball, 6MD)
Batting: RHB Paul Arthur 0-0: Called Strike
0-1: Fly out, F9 (Flyball, 89M)
Bottom of the 2nd over - 0 run(s), 1 hit(s), 0 error(s), 1 left on base; Chesapeake 0 - Gurdon 0
TOP OF THE 3RD
Chesapeake Continentals batting - Pitching for Gurdon Pelicans : LHP Francisco Mora
Batting: LHB Thomas Campbell 0-0: Foul Ball, location: 2F
0-1: Ball
1-1: Called Strike
1-2: Strikes out looking
Batting: RHB Gustavo Varela 0-0: Foul Ball, location: 2F
0-1: Ball
1-1: Swinging Strike
1-2: Ground out 4-3 (Groundball, 13)
Batting: RHB Cliff May 0-0: SINGLE (Line Drive, 9S)
Batting: RHB Roy Williams 0-0: Ball
1-0: Foul Ball, location: 2F
1-1: SINGLE (Groundball, 4M)
Cliff May to second
Batting: RHB Danny Spencer 0-0: Called Strike
0-1: SINGLE (Groundball, 6MD)
Cliff May to third
Roy Williams to second
Runner from 3rd tries for Home, throw and OUT!
Top of the 3rd over - 0 run(s), 3 hit(s), 0 error(s), 2 left on base; Chesapeake 0 - Gurdon 0
BOTTOM OF THE 3RD
Gurdon Pelicans batting - Pitching for Chesapeake Continentals : RHP Joseph Reed
Batting: RHB Robert Fuller 0-0: SINGLE (Groundball, 4M)
Batting: RHB Alex Maxwell 0-0: Ball
1-0: Foul Ball, location: 2F
1-1: DOUBLE (Line Drive, 8LD)
Robert Fuller to third
Runner from 3rd tries for Home, SAFE, no throw or cutoff
Batting: RHB Randy Gregory 0-0: Ball
1-0: Ball
2-0: Ground out 6-3 (Groundball, 6)
Alex Maxwell to third
Batting: RHB Chip Teague 0-0: Called Strike
0-1: Fly out, F8 (Flyball, 8LS)
Runner from 3rd tags up, SCORES, throw made
Now in CF: Harry Reynolds
Batting: RHB Brian Lynch 0-0: Foul Ball, location: 2F
0-1: Foul Ball, location: 2F
0-2: SINGLE (Groundball, 6MD)
Batting: RHB Daniel Drake 0-0: Fly out, F8 (Flyball, 8LS)
Bottom of the 3rd over - 2 run(s), 3 hit(s), 0 error(s), 1 left on base; Chesapeake 0 - Gurdon 2
TOP OF THE 4TH
Chesapeake Continentals batting - Pitching for Gurdon Pelicans : LHP Francisco Mora
Batting: RHB Steve Hinkle 0-0: Ball
1-0: Fly out, F7 (Line Drive, 7M)
Batting: RHB Harry Reynolds 0-0: Foul Ball, location: 2F
0-1: Foul Ball, location: 2F
0-2: Strikes out looking
Batting: RHB Ken Miller 0-0: Ground out 5-3 (Groundball, 56)
Top of the 4th over - 0 run(s), 0 hit(s), 0 error(s), 0 left on base; Chesapeake 0 - Gurdon 2
BOTTOM OF THE 4TH
Gurdon Pelicans batting - Pitching for Chesapeake Continentals : RHP Joseph Reed
Batting: RHB Doug Rowland 0-0: SOLO HOME RUN (Line Drive, 7D), Distance : 396 ft
Batting: RHB Jim Unknown 0-0: Fly out, F6 (Popup, 56D)
Batting: RHB Paul Arthur 0-0: Called Strike
0-1: Ball
1-1: Called Strike
1-2: Strikes out swinging
Batting: RHB Robert Fuller 0-0: Ball
1-0: Foul Ball, location: 2F
1-1: Ball
2-1: Swinging Strike
2-2: Ball
3-2: Foul Ball, location: 2F
3-2: Foul Ball, location: 2F
3-2: Strikes out looking
Bottom of the 4th over - 1 run(s), 1 hit(s), 0 error(s), 0 left on base; Chesapeake 0 - Gurdon 3
TOP OF THE 5TH
Chesapeake Continentals batting - Pitching for Gurdon Pelicans : LHP Francisco Mora
Batting: SHB Dominique Prost 0-0: Foul Ball, location: 2F
0-1: Fly out, F9 (Flyball, 9LM)
Batting: LHB Thomas Campbell 0-0: Ball
1-0: Swinging Strike
1-1: Ball
2-1: Ball
3-1: SINGLE (Line Drive, 89S)
Batting: RHB Gustavo Varela 0-0: Called Strike
0-1: Called Strike
0-2: Strikes out swinging
Batting: RHB Cliff May 0-0: Ball
1-0: Called Strike
1-1: Ball
2-1: Fly out, F4 (Popup, 4M)
Top of the 5th over - 0 run(s), 1 hit(s), 0 error(s), 1 left on base; Chesapeake 0 - Gurdon 3
BOTTOM OF THE 5TH
Gurdon Pelicans batting - Pitching for Chesapeake Continentals : RHP Joseph Reed
Batting: RHB Alex Maxwell 0-0: Ball
1-0: Ground out U3 (Groundball, 3L)
Batting: RHB Randy Gregory 0-0: Ball
1-0: Foul Ball, location: 2F
1-1: Foul Ball, location: 2F
1-2: Ground out 4-3 (Groundball, 4MS)
Batting: RHB Chip Teague 0-0: Called Strike
0-1: Ball
1-1: Ball
2-1: Ball
3-1: Swinging Strike
3-2: Foul Ball, location: 2F
3-2: Foul Ball, location: 2F
3-2: Strikes out swinging
Bottom of the 5th over - 0 run(s), 0 hit(s), 0 error(s), 0 left on base; Chesapeake 0 - Gurdon 3
TOP OF THE 6TH
Chesapeake Continentals batting - Pitching for Gurdon Pelicans : LHP Francisco Mora
Batting: RHB Roy Williams 0-0: Ball
1-0: Called Strike
1-1: Ball
2-1: Ball
3-1: Ground out 6-3 (Groundball, 6)
Batting: RHB Danny Spencer 0-0: Fly out, F9 (Flyball, 9LM)
Batting: RHB Steve Hinkle 0-0: Called Strike
0-1: Foul Ball, location: 2F
0-2: Ball
1-2: Ball
2-2: Ball
3-2: Foul Ball, location: 2F
3-2: Base on Balls
Batting: RHB Harry Reynolds 0-0: Foul Ball, location: 2F
0-1: Foul Ball, location: 2F
0-2: Ball
1-2: Strikes out swinging
Top of the 6th over - 0 run(s), 0 hit(s), 0 error(s), 1 left on base; Chesapeake 0 - Gurdon 3
BOTTOM OF THE 6TH
Gurdon Pelicans batting - Pitching for Chesapeake Continentals : RHP Joseph Reed
Batting: RHB Brian Lynch 0-0: Ball
1-0: Called Strike
1-1: Ball
2-1: Called Strike
2-2: Foul Ball, location: 2F
2-2: Foul Ball, location: 2F
2-2: Strikes out swinging
Batting: RHB Daniel Drake 0-0: Ball
1-0: Called Strike
1-1: Fly out, F8 (Flyball, 8LM)
Batting: RHB Doug Rowland 0-0: Ball
1-0: Called Strike
1-1: Ground out 5-3 (Groundball, 5S)
Bottom of the 6th over - 0 run(s), 0 hit(s), 0 error(s), 0 left on base; Chesapeake 0 - Gurdon 3
TOP OF THE 7TH
Chesapeake Continentals batting - Pitching for Gurdon Pelicans : LHP Francisco Mora
Batting: RHB Ken Miller 0-0: Ball
1-0: Foul Ball, location: 2F
1-1: Ball
2-1: Ball
3-1: Base on Balls
Batting: SHB Dominique Prost 0-0: Called Strike
0-1: Ball
1-1: SINGLE (Line Drive, 4MD)
Ken Miller to second
Batting: LHB Thomas Campbell 0-0: Ball
1-0: Fly out, F7 (Flyball, 7M)
Batting: RHB Gustavo Varela 0-0: Called Strike
Ken Miller steals 3rd base
0-1: Fly out, F8 (Popup, 6MD)
Batting: RHB Cliff May 0-0: Called Strike
0-1: Called Strike
0-2: Strikes out swinging
Top of the 7th over - 0 run(s), 1 hit(s), 0 error(s), 2 left on base; Chesapeake 0 - Gurdon 3
BOTTOM OF THE 7TH
Gurdon Pelicans batting - Pitching for Chesapeake Continentals : RHP Joseph Reed
Batting: RHB Jim Unknown 0-0: Swinging Strike
0-1: Called Strike
0-2: Ball
1-2: Foul Ball, location: 2F
1-2: Foul Ball, location: 2F
1-2: Foul Ball, location: 2F
1-2: Foul Ball, location: 2F
1-2: SINGLE (Groundball, 56D)
Batting: RHB Paul Arthur 0-0: Ball
1-0: Foul Ball, location: 2F
1-1: Foul Ball, location: 2F
1-2: Strikes out swinging
Batting: RHB Robert Fuller 0-0: Ball
1-0: Ball
2-0: Called Strike
2-1: Ball
3-1: Foul Ball, location: 2F
3-2: Foul Ball, location: 2F
3-2: Foul Ball, location: 2F
3-2: Fly out, F8 (Flyball, 8RXD)
Pitching: LHP Andrew Morgan
Batting: RHB Alex Maxwell 0-0: Ball
1-0: Called Strike
1-1: Foul Ball, location: 2F
1-2: Ball
2-2: Foul Ball, location: 2F
2-2: Ball
3-2: SINGLE (Groundball, 4)
Jim Unknown to second
Jim Unknown to third
Batting: RHB Randy Gregory 0-0: Called Strike
0-1: Ball
1-1: Ball
2-1: Fly out, F4 (Popup, 6MD)
Bottom of the 7th over - 0 run(s), 2 hit(s), 0 error(s), 2 left on base; Chesapeake 0 - Gurdon 3
TOP OF THE 8TH
Chesapeake Continentals batting - Pitching for Gurdon Pelicans : LHP Francisco Mora
Batting: RHB Roy Williams 0-0: Called Strike
0-1: Foul Ball, location: 2F
0-2: Strikes out swinging
Batting: RHB Danny Spencer 0-0: Ball
1-0: Fly out, F8 (Flyball, 8RM)
Batting: RHB Steve Hinkle 0-0: Fly out, F8 (Flyball, 89D)
Top of the 8th over - 0 run(s), 0 hit(s), 0 error(s), 0 left on base; Chesapeake 0 - Gurdon 3
BOTTOM OF THE 8TH
Gurdon Pelicans batting - Pitching for Chesapeake Continentals : LHP Andrew Morgan
Batting: RHB Chip Teague 0-0: Called Strike
0-1: Ground out 5-3 (Groundball, 56)
Batting: RHB Brian Lynch 0-0: Ball
1-0: Ball
2-0: Swinging Strike
2-1: Swinging Strike
2-2: Strikes out swinging
Batting: RHB Daniel Drake 0-0: Called Strike
0-1: Called Strike
0-2: Strikes out swinging
Bottom of the 8th over - 0 run(s), 0 hit(s), 0 error(s), 0 left on base; Chesapeake 0 - Gurdon 3
TOP OF THE 9TH
Chesapeake Continentals batting - Pitching for Gurdon Pelicans : LHP Francisco Mora
Pitching: LHP Shawn Arnold
Batting: RHB Harry Reynolds 0-0: Called Strike
0-1: Ball
1-1: Ball
2-1: Ground out 5-3 (Groundball, 5L)
Batting: RHB Ken Miller 0-0: Ball
1-0: Ground out 6-3 (Groundball, 6)
Batting: SHB Dominique Prost 0-0: Called Strike
0-1: Ball
1-1: Foul Ball, location: 2F
1-2: Fly out, F8 (Line Drive, 8RM)
Top of the 9th over - 0 run(s), 0 hit(s), 0 error(s), 0 left on base; Chesapeake 0 - Gurdon 3
This league is powered by Out of the Park Baseball, the baseball management simulation game for PC, Mac and Linux
Monday, May 4th, 2015 - OOTP Baseball 15.6 Build 34